 Dungeon Crawl Stone Soup version 0.28.0-1-gb440e238dd (webtiles) character file.

Game seed: 2369433696492682065

8 Zeldest the Caller (level 2, 9/20 HPs)
             Began as a Demonspawn Summoner on Feb 21, 2022.
             Quit the game on level 1 of the Dungeon.
             The game lasted 00:00:50 (119 turns).

Zeldest the Caller (Demonspawn Summoner)             Turns: 119, Time: 00:00:50

Health: 9/20       AC:  2    Str:  8    XL:     2   Next: 0%
Magic:  3/5        EV: 12    Int: 16    God:
Gold:   0          SH:  0    Dex: 13    Spells: 4/5 levels left

rFire   . . .      SeeInvis .   (no weapon)
rCold   . . .      Faith    .   (no shield)
rNeg    . . .      Spirit   .   a - +0 robe
rPois   .          Reflect  .   (helmet restricted)
rElec   .          Harm     .   (no cloak)
rCorr   .          Rampage  .   (no gloves)
Will    .....                   (no boots)
Stlth   ++........              (no amulet)
HPRegen 0.06/turn               (no ring)
MPRegen 0.09/turn               (no ring)

@: no status effects
A: horns 1
a: no special abilities


You were on level 1 of the Dungeon.
You visited 1 branch of the dungeon, and saw 1 of its levels.

Inventory:

Armour
 a - a +0 robe (worn)
Scrolls
 b - a scroll of noise {unknown}


   Skills:
 + Level 0.8 Fighting
 - Level 1.7 Dodging
 - Level 1.7 Stealth
 + Level 0.6 Unarmed Combat
 - Level 2.0 Spellcasting
 + Level 4.1 Summonings


You had 4 spell levels left.
You knew the following spells:

 Your Spells              Type           Power      Damage    Failure   Level
a - Summon Small Mammal   Summ           56%        N/A       3%          1

Your spell library contained the following spells:

 Spells                   Type           Power      Damage    Failure   Level
 Call Imp                 Summ           14%        N/A       6%          2
 Call Canine Familiar     Summ           14%        N/A       12%         3
 Summon Guardian Golem    Hex/Summ       8%         N/A       26%         3
 Summon Lightning Spire   Summ/Air       8%         N/A       65%         4


Dungeon Overview and Level Annotations

Branches:
Dungeon (1/15)

Altars:


Innate Abilities, Weirdness & Mutations

You have a pair of small horns on your head.


Message History

Your rat bites the dart slug but does no damage.
The dart slug closely misses you.
You hit the dart slug.
You kill the dart slug!
Found a scroll labelled GUJIET XUKKUAKK.
Your rat disappears in a puff of smoke!
Found 2 gold pieces.
A frilled lizard comes into view.
A bat comes into view.
Casting: Summon Small Mammal (safe; 3% risk of failure)
Confirm with . or Enter, or press ? or * to list all spells.
The frilled lizard hisses angrily.
You closely miss the frilled lizard.
Your quokka bites the bat.
The bat dies!
The frilled lizard barely misses you.
You closely miss the frilled lizard. The frilled lizard bites you.
You miss the frilled lizard. Your quokka misses the frilled lizard.
The frilled lizard bites you but does no damage.
Your quokka misses the frilled lizard.
The frilled lizard barely misses your quokka.
Your quokka barely misses the frilled lizard.
The frilled lizard bites your quokka.
Your quokka closely misses the frilled lizard.
You see here a scroll labelled GUJIET XUKKUAKK.
b - a scroll labelled GUJIET XUKKUAKK Your quokka closely misses the frilled lizard.
The frilled lizard closely misses your quokka.
Your quokka closely misses the frilled lizard.
The frilled lizard barely misses your quokka.
Your quokka barely misses the frilled lizard.
The frilled lizard closely misses you.
You closely miss the frilled lizard.
Your quokka closely misses the frilled lizard.
The frilled lizard bites you.
You miss the frilled lizard.
Your quokka bites the frilled lizard.
The frilled lizard dies!
You have reached level 2!
Your demonic ancestry asserts itself...
A pair of horns grows on your head!
Are you sure you want to abandon this character and quit the game? (Confirm with "yes".)

#.†. ### #######'## +.#
#......... #.# #.........
#.# #......... #########.#
#......... #.........#
#.......†.
#.........#######.........
........r@.............>..
#.........#.#####.........
#.........#$# #.........
#.........#.# ##########
###########.# #.# ..# ..#


You could see a friendly quokka (summoned).

Vanquished Creatures
  A dart slug (D:1)
  2 bats (D:1)
  A frilled lizard (D:1)
4 creatures vanquished.

Vanquished Creatures (collateral kills)
  A hobgoblin (D:1)
  A bat (D:1)
  A frilled lizard (D:1)
3 creatures vanquished.

Grand Total: 7 creatures vanquished

Notes
Turn   | Place    | Note
-------+----------+-------------------------------------------
     0 | D:1      | Zeldest the Demonspawn Summoner began the quest for the
                  | Orb.
     0 | D:1      | Reached XP level 1. HP: 13/13 MP: 3/3
   119 | D:1      | Gained mutation: You have a pair of small horns on your
                  | head. [demonic ancestry]
   119 | D:1      | Reached XP level 2. HP: 9/20 MP: 3/5
   119 | D:1      | Quit the game

Illustrated notes

Levels and vault maps discovered:
D:1:      tarquinn_simple_flora_water_a, layout_basic,
          shapermc_ecumenical_altar_flowoftime, minmay_fountain_box, nrook_uturn

Action                   || total
-------------------------++-------
Melee: Unarmed           ||    26
 Cast: Summon Small Mamm ||     4
 Stab: Distracted        ||     1
Armor: Robe              ||     7
Dodge: Dodged            ||    35
